AoeStats
← MatzeAoE

MegaRandom

505466772Analyzed
1v1 RM · 23d ago on Sep 9, 2026· 22m 45s· 2 players
Game mode
Random Map
Map size
Tiny (2 player)
Population
200
Speed
Normal
Resources
Standard
Victory
Conquest
Starting age
Dark Age
Ending age
Imperial Age
RankedLock teamsTeams togetherTeam positionsShared explorationLock speedFull tech treeHidden civsTurbo modeCheats
Victory
Defeat
🇩🇪 Bengalis · Germany
2052
+19
🇩🇪 Italians · Germany
2119
-19
MatzeAoE
7:08 Loom
10:15 Feudal Age
14:47 Castle Age
13:16 Double-Bit Axe
18:04 Padded Archer Armor
FelixAldi
9:36 Feudal Age
8:27 Loom
10:10 Double-Bit Axe
15:54 Castle Age
15:09 Horse Collar
15:38 Fletching
16:54 Crossbowman
18:43 Ballistics
Connection lost

Rejoining the realm…

Still unreachable

The connection could not be restored.

Session expired

The server has moved on; the page needs a fresh start.